 Dungeon Crawl Stone Soup version 0.21.1-1-g345015fe64 (webtiles) character file.

49 phoenix381 the Magician (level 3, -3/19 HPs)
             Began as a Deep Elf Wizard on July 15, 2018.
             Slain by Crazy Yiuf
             ... wielding a +2 quarterstaff of chaos
              (15 damage)
             ... on level 2 of the Dungeon.
             The game lasted 00:23:32 (1239 turns).

phoenix381 the Magician (Deep Elf Wizard)           Turns: 1239, Time: 00:23:34

Health: -3/19      AC:  2    Str:  4    XL:     3   Next: 53%
Magic:  6/11       EV: 13    Int: 23    God:
Gold:   59         SH:  0    Dex: 13    Spells: 9/12 levels left

rFire    . . .     SeeInvis .   e - +1 dagger (flame)
rCold    . . .     Gourm    .   (no shield)
rNeg     . . .     Faith    .   a - +0 robe
rPois    .         Spirit   .   b - +0 hat
rElec    .         Reflect  .   (no cloak)
rCorr    .         Harm     .   (no gloves)
MR       .....                  (no boots)
Stlth    ++........             (no amulet)
HPRegen  0.06/turn              (no ring)
MPRegen  0.12/turn              (no ring)

@: no status effects
A: no striking features
a: no special abilities


You were on level 2 of the Dungeon.
You were not hungry.

You visited 1 branch of the dungeon, and saw 2 of its levels.

You collected 59 gold pieces.

Inventory:

Hand Weapons
 e - a +1 dagger of flaming (weapon)
Armour
 a - a +0 robe (worn)
 b - a +0 hat (worn)
 i - a +0 scale mail
Jewellery
 m - an uncursed ring of ice
Scrolls
 f - 8 scrolls of identify
 j - a scroll of immolation {unknown}
 k - a scroll of teleportation {unknown}
 n - a scroll of enchant weapon {unknown}
 o - 2 scrolls of magic mapping {unknown}
Potions
 h - a potion of might
 l - a potion of curing {unknown}
Books
 c - a book of Minor Magic

   Spells                             Type                      Level
   a - Magic Dart                     Conjuration                  1
   b - Blink                          Translocation                2
   c - Call Imp                       Summoning                    2
   d - Slow                           Hexes                        2
   e - Conjure Flame                  Conjuration/Fire             3
   f - Mephitic Cloud                 Conjuration/Poison/Air       3
Comestibles
 d - 5 rations
 g - a chunk of flesh


   Skills:
 - Level 3.0 Dodging
 + Level 2.7 Stealth
 + Level 5.1 Spellcasting
 - Level 2.3 Conjurations
 + Level 1.4 Summonings
   Level 1.1 Translocations


You had 9 spell levels left.
You knew the following spells:

 Your Spells              Type           Power        Failure   Level  Hunger
a - Magic Dart            Conj           ###.         3%          1    None
b - Call Imp              Summ           ##......     8%          2    None


Dungeon Overview and Level Annotations

Branches:
Dungeon (2/15)

Altars:

Annotations:
D:2 Crazy Yiuf


Message History

Aiming: Magic Dart
Press: ? - help, Shift-Dir - straight line, f/p - Crazy Yiuf
Aim: Crazy Yiuf, wielding a quarterstaff of chaos and wearing a cloak (lightly wounded, unusually agile)
The magic dart hits Crazy Yiuf.
Crazy Yiuf is moderately wounded.
Your crimson imp barely misses Crazy Yiuf.
Your crimson imp hits Crazy Yiuf.
Casting: Magic Dart
Confirm with . or Enter, or press ? or * to list all spells.
Aiming: Magic Dart
Press: ? - help, Shift-Dir - straight line, f/p - Crazy Yiuf
Aim: Crazy Yiuf, wielding a quarterstaff of chaos and wearing a cloak (moderately wounded, unusually agile)
The magic dart hits Crazy Yiuf.
Crazy Yiuf is heavily wounded.
Your crimson imp blinks!
Crazy Yiuf laughs, "Castle aubergine Xom!"
Crazy Yiuf hits you with a quarterstaff of chaos!
Space warps horribly around you!
Ouch! That really hurt!
You die...

♣♣.♣ ..# ♣.♣♣
#.# ♣♣5♣ #.#
♣♣.♣♣ #.#
♣♣...♣ #.#
♣....♣ #.#
##.§## ##.#
####.g..# ..<#
#....@.## ####
#.#...## #
#.#####
######### #.#
##......# #.#
##.##...# #.#
...##.#.####.#
......#......#
.)..#####.####


You could see Crazy Yiuf and a friendly crimson imp.

Vanquished Creatures
  An adder (D:2)
  A dart slug (D:1)
  A leopard gecko (D:1)
  A ball python (D:1)
  2 bats (D:1)
  2 giant cockroaches
  4 goblins
  4 hobgoblins (D:1)
  3 kobolds
  6 frilled lizards (D:1)
  5 rats
30 creatures vanquished.

Vanquished Creatures (collateral kills)
  An adder (D:2)
1 creature vanquished.

Grand Total: 31 creatures vanquished

Notes
Turn   | Place    | Note
-------+----------+-------------------------------------------
     0 | D:1      | phoenix381 the Deep Elf Wizard began the quest for the Orb.
     0 | D:1      | Reached XP level 1. HP: 10/10 MP: 7/7
   270 | D:1      | Reached XP level 2. HP: 15/15 MP: 3/9
   813 | D:2      | Reached XP level 3. HP: 19/19 MP: 9/11
  1014 | D:2      | Learned a level 2 spell: Call Imp
  1037 | D:2      | Reached skill level 5 in Spellcasting
  1216 | D:2      | Found a runed door.
  1220 | D:2      | Noticed Crazy Yiuf
  1239 | D:2      | Slain by Crazy Yiuf

Skill      XL: |  1  2  3 |
---------------+----------+-----
Dodging        | 3 |  3.0
Conjurations   | 2 |  2.3
Spellcasting   | 5 |  5.1
Stealth        | |  2.7
Summonings     | |  1.4
Translocations | |  1.1

Action                   || total
-------------------------++-------
Melee: Unarmed           ||     4
       Dagger            ||     7
       Short sword       ||     6
 Cast: Magic Dart        ||    58
       Call Imp          ||     3
  Use: Scroll            ||     2
  Eat: Chunk             ||     1
Armor: Robe              ||     6
Dodge: Dodged            ||    25
